 Dungeon Crawl Stone Soup version 0.28-a0-895-g6e5f11bd55 (webtiles) character file.

Game seed: 4849142141177663635

290369 killozap the Slayer (level 19, 0/190 HPs)
             Began as a Minotaur Fighter on Nov 21, 2021.
             Was a Priest of Cheibriados.
             Slain by a dire elephant (33 damage)
             ... on level 2 of the Vaults on Nov 22, 2021.
             The game lasted 02:42:51 (42086 turns).

killozap the Slayer (Minotaur Fighter)             Turns: 42086, Time: 02:42:51

Health: 0/190      AC: 40    Str: 42    XL:     19   Next: 93%
Magic:  29/36      EV: 11    Int: 16    God:    Cheibriados [***...]
Gold:   271        SH: 31    Dex: 31    Spells: 18/18 levels left

rFire   + . .      SeeInvis .   a - +11 mace of Rastrir {flame, rC++}
rCold   + + +      Faith    .   S - +0 tower shield {rC+}
rNeg    . . .      Spirit   .   n - +1 crystal plate armour of the Sun {Dex+5}
rPois   +          Reflect  +   R - +2 hat "Fejaejyx" {+Blink Str+4}
rElec   .          Harm     .   O - +0 cloak of the Heavens {rF+ Int+3}
rCorr   .          Rampage  .   K - +1 pair of gloves {Dex+3}
Will    +....                   G - +1 pair of boots
Stlth   ..........              W - amulet of reflection
HPRegen 0.41/turn               k - ring of Juthou Aniy {rPois Dex+6 Stlth+}
MPRegen 0.25/turn               x - ring of Incredulity {MP+9 AC+4 Slay+3}

@: marked, studying Throwing, very slow
A: horns 2, retaliatory headbutt
}: 2/15 runes: barnacled, gossamer
a: Renounce Religion, Evoke Blink, Bend Time, Temporal Distortion


You were on level 2 of the Vaults.
You worshipped Cheibriados.
Cheibriados was most pleased with you.
You visited 7 branches of the dungeon, and saw 34 of its levels.
You visited the Abyss 1 time.
You visited 1 bazaar.
You also visited: Ossuary and Gauntlet.

You collected 3760 gold pieces.
You spent 3489 gold pieces at shops.

Inventory:

Hand Weapons
 a - the +11 mace of Rastrir (weapon) {flame, rC++}
   (You found it on level 4 of the Dungeon)

   It burns those it strikes, dealing additional fire damage.
   rC:        It greatly protects you from cold.
 b - the +1 eveningstar of Yesterday {flame, rElec rN+++ Str-5 Dex-3}
   (You bought it in a shop on level 2 of the Dungeon)

   It burns those it strikes, dealing additional fire damage.
   Str:       It affects your strength (-5).
   Dex:       It affects your dexterity (-3).
   rElec:     It insulates you from electricity.
   rN:        It renders you almost immune to negative energy.
Missiles
 Q - 9 javelins (quivered)
 Z - 8 silver javelins
Armour
 n - the +1 crystal plate armour of the Sun (worn) {Dex+5}
   (You acquired it on level 12 of the Dungeon)

   Dex:       It affects your dexterity (+5).
 G - a +1 pair of boots (worn)
 K - a +1 pair of gloves of dexterity (worn)
 O - the +0 cloak of the Heavens (worn) {rF+ Int+3}
   (You found it on level 3 of the Spider Nest)

   Int:       It affects your intelligence (+3).
   rF:        It protects you from fire.
 R - the +2 hat "Fejaejyx" (worn) {+Blink Str+4}
   (You found it in a Gauntlet)

   Str:       It affects your strength (+4).
   +Blink:    It lets you blink.
 S - a +0 tower shield of cold resistance (worn)
Jewellery
 k - the ring of Juthou Aniy (left hand) {rPois Dex+6 Stlth+}
   (You took it off a minotaur in a Gauntlet)

   [ring of dexterity]

   Dex:       It affects your dexterity (+6).
   rPois:     It protects you from poison.
   Stlth:     It makes you more stealthy.
 q - a ring of flight
 x - the ring of Incredulity (right hand) {MP+9 AC+4 Slay+3}
   (You bought it in a shop on level 2 of the Orcish Mines)

   [ring of protection]

   AC:        It affects your AC (+4).
   Slay:      It affects your accuracy & damage with ranged weapons and melee
   (+3).
   MP:        It affects your magic capacity (+9).
 y - a ring of fire
 B - a ring of positive energy
 C - a ring of protection from cold
 I - a ring of resist corrosion
 W - an amulet of reflection (around neck)
Wands
 i - a wand of mindburst (32)
 F - a wand of acid (23)
 T - a wand of iceblast (56)
 Y - a wand of flame (75)
Scrolls
 c - 2 scrolls of magic mapping
 e - a scroll of torment
 j - a scroll of brand weapon
 m - 4 scrolls of fog
 p - 8 scrolls of teleportation
 v - 4 scrolls of fear
 w - a scroll of summoning
 A - 4 scrolls of blinking
 U - 8 scrolls of identify
Potions
 d - 12 potions of might
 f - 5 potions of berserk rage
 g - 8 potions of heal wounds
 h - 4 potions of magic
 l - 4 potions of resistance
 o - 15 potions of curing
 r - 3 potions of invisibility
 s - 7 potions of cancellation
 u - 5 potions of attraction
 z - 4 potions of lignification
 H - 3 potions of brilliance
 J - 3 potions of ambrosia
 L - 5 potions of mutation
 P - 6 potions of flight
Miscellaneous
 V - a condenser vane


   Skills:
 + Level 21.4 Fighting
 - Level 4.1 Long Blades
 + Level 21.0 Maces & Flails
 - Level 10.0 Throwing
 - Level 18.5 Armour
 - Level 4.0 Dodging
 + Level 19.4 Shields
 + Level 13.2 Invocations
 - Level 3.2 Evocations


You had 18 spell levels left.
You didn't know any spells.
Your spell library contained the following spells:

 Spells                   Type           Power      Damage    Failure   Level
 Foxfire                  Conj/Fire      0%         2x1d4     97%         1
 Shock                    Conj/Air       0%         1d3       97%         1
 Slow                     Hex            0%         N/A       97%         1
 Sting                    Tmut/Pois      0%         1d3       97%         1
 Summon Small Mammal      Summ           0%         N/A       97%         1
 Blink                    Tloc           0%         N/A       99%         2
 Passwall                 Tmut/Erth      0%         N/A       99%         2
 Poisonous Vapours        Pois/Air       0%         N/A       99%         2
 Scorch                   Fire           0%         2d5       99%         2
 Call Canine Familiar     Summ           0%         N/A       100%        3
 Confusing Touch          Hex            0%         N/A       100%        3
 Conjure Flame            Conj/Fire      0%         6-21      100%        3
 Dazzling Flash           Conj/Hex       0%         N/A       100%        3
 Frozen Ramparts          Ice            0%         1d2       100%        3
 Ignite Poison            Fire/Tmut/Pois 0%         N/A       100%        3
 Inner Flame              Hex/Fire       0%         N/A       100%        3
 Lesser Beckoning         Tloc           0%         N/A       100%        3
 Mephitic Cloud           Conj/Pois/Air  0%         N/A       100%        3
 Summon Guardian Golem    Hex/Summ       0%         N/A       100%        3
 Swiftness                Air            0%         N/A       100%        3
 Animate Dead             Necr           0%         N/A       100%        4
 Cause Fear               Hex            0%         N/A       100%        4
 Flame Wave               Conj/Fire      0%         3d3       100%        4
 Ice Form                 Ice/Tmut       0%         N/A       100%        4
 Olgreb's Toxic Radiance  Pois           0%         N/A       100%        4
 Passage of Golubria      Tloc           0%         N/A       100%        4
 Summon Ice Beast         Ice/Summ       0%         N/A       100%        4
 Agony                    Necr           0%         N/A       100%        5
 Borgnjor's Vile Clutch   Necr/Erth      0%         N/A       100%        5
 Freezing Cloud           Conj/Ice/Air   0%         6-21      100%        5
 Manifold Assault         Tloc           0%         N/A       100%        5
 Silence                  Hex/Air        0%         N/A       100%        5
 Summon Mana Viper        Hex/Summ       0%         N/A       100%        5
 Yara's Violent Unravell  Hex/Tmut       0%         3d3       100%        5
 Conjure Ball Lightning   Conj/Air       0%         3x3d6     100%        6
 Death Channel            Necr           0%         N/A       100%        6
 Dispersal                Tloc           0%         N/A       100%        6
 Summon Cactus Giant      Summ           0%         N/A       100%        6
 Dragon Form              Tmut           0%         N/A       100%        7
 Monstrous Menagerie      Summ           0%         N/A       100%        7
 Disjunction              Tloc           0%         N/A       100%        8
 Lehudib's Crystal Spear  Conj/Erth      0%         10d2      100%        8
 Dragon's Call            Summ           0%         N/A       100%        9
 Fire Storm               Conj/Fire      0%         5d1       100%        9


Dungeon Overview and Level Annotations

Branches:
Dungeon (15/15)            Temple (1/1) D:7            Lair (6/6) D:9
 Shoals (4/4) Lair:4       Spider (4/4) Lair:4        Slime (0/5) Lair:6
    Orc (2/2) D:12            Elf (0/3) Orc:2        Vaults (2/5) D:13
  Crypt (0/3) Vaults:2     Depths (0/4) D:15        Ossuary (visited)
Gauntlet (visited)

Altars:
Ashenzari
Cheibriados
Dithmenos
Elyvilon
Fedhas
Gozag
Hepliaklqana
Kikubaaqudgha
Makhleb
Nemelex Xobeh
Okawaru
Qazlal
Ru
Sif Muna
Trog
Uskayaw
Vehumet
Wu Jian
Xom
Yredelemnul
Zin
The Shining One
Beogh
Jiyva

Shops:
D:2 (   D:14 *   Orc:2 [=(!   Shoals:2 *(!   Vaults:1 (

Annotations:
Lair:4 exclusion: oklob plant
Lair:6 1 runed translucent door


Innate Abilities, Weirdness & Mutations

You have a pair of horns on your head.
You reflexively headbutt those who attack you in melee.


Message History

A yaktaur comes into view. It is carrying a wand of paralysis (9).
The ironbound convoker gestures at the hell knight while chanting.
The hell knight seems to grow stronger.
A hell knight comes into view. It is wielding a +4 scimitar.
A war gargoyle comes into view.
It is wielding a +2 morningstar of protection.
A necromancer comes into view. It is wielding a +0 flail.
You block the dire elephant's attack. The dire elephant closely misses you.
The yaktaur zaps a wand.
You resist with almost no effort.
The hell knight mumbles some strange words.
The hell knight seems to speed up.
The ironbound convoker gestures at the vault sentinel while chanting.
The vault sentinel seems to grow stronger.
The vault sentinel blows a loud note on a signal horn!
Okay, then.
The yaktaur zaps a wand.
You resist with almost no effort.
The dire elephant is no longer moving slowly.
The yaktaur wields a +0 arbalest.
The yaktaur shoots a bolt.
You reflect the bolt off an invisible shield around you!
The bolt barely misses the yaktaur.
The bolt hits the war gargoyle!
The flow of time bends around you.
The dire elephant resists with some effort.
Cheibriados rebukes the war gargoyle.
The war gargoyle seems to slow down.
The dire elephant is no longer moving slowly.
An ironbound frostheart comes into view.
The dire elephant tramples you!
You stumble backwards!
The ironbound frostheart moves out of view.
The ironbound convoker gestures at the yaktaur while chanting.
The yaktaur seems to grow stronger.
The ironbound convoker gestures at the necromancer while chanting.
The necromancer seems to grow stronger.
You block the dire elephant's attack.
The dire elephant trunk-slaps you but does no damage.
The vault sentinel blows a loud note on a signal horn!
The deep troll is no longer moving slowly.
The ironbound convoker gestures at something while chanting.
The war gargoyle launches metal splinters at you.
The spray of metal splinters hits you!!
* * * LOW HITPOINT WARNING * * *
The dire elephant tramples you!!
You die...

.....#,,,,,,,#.....#*,*,,,,,,*...
.....#,,,,,,,#.....#*,,,,*,,,...*
.....#,,,,,,,#.....#*,,,,,,,...,,
.....#,,,,,,,#.....#########'####
.....#,,,,,,,#...................
,,,,,*,,,,,,,#...........)p......
,,,,,****#'###.....c.....[...#***
*,,,,,,,,.........9Y.ppp.....#,,,
*,###########...@Y.Tp.p.p....#,,,
*,#.........#############....#,,,
*,#..#####..#..##.......#....#,,,
*,#..#...#..#...##......#....#,,,
*,#.##...##.#....##.....#...p'.,,
*,#.#.....#.##....##....#....###*
#.#.'..>..#.###....##..##.....,,,
#.#.#.....#.'.##......###,,,,,,##
#.#.##...##.#..##....##.#,,,,,,#.


You could see 2 dire elephants, a hell knight (fast, strong), an ironbound
frostheart (strong), a deep troll, a war gargoyle (slow, catching breath), 2
ironbound convokers, a yaktaur (strong) and a necromancer (strong).

Vanquished Creatures
  Margery (Vaults:2)
  Bai Suzhen (Spider:4)
  Nikola (Lair:4)
  A titan (Shoals:4)
  Gastronok (Orc:1)
  Polyphemus (Shoals:4)
  2 tentacled starspawn (Abyss:3)
  A storm dragon (D:12)
  Agnes (Spider:1)
  Kirke (Spider:1)
  The ghost of demibob the Impaler, an adept DsGl of Okawaru (Spider:3)
  A daeva (Abyss:3)
  3 vault wardens
  An orc warlord (Orc:1)
  Aizul (Lair:4)
  4 ghost moths (Spider:4)
  6 emperor scorpions
  3 ironbound preservers
  2 stone giants
  5 very ugly things
  Nessos (D:13)
  5 dire elephants
  5 entropy weavers
  A minotaur (Gauntlet)
  A deep elf annihilator (Vaults:2)
  3 merfolk javelineers
  2 spark wasps (Spider:4)
  9 merfolk impalers
  A great orb of eyes (Vaults:1)
  A jiangshi (Vaults:2)
  A vault guard (Vaults:2)
  3 yaktaur captains
  Erolcha (Orc:1)
  7 boulder beetles
  2 ironbound thunderhulks
  An ogre mage (Orc:2)
  4 catoblepae
  9 hydras
  4 centaur warriors
  2 ironbound frosthearts
  An alligator snapping turtle (Shoals:4)
  4 ghost crabs (Lair:3)
  The ghost of mainiacjoe the Arsonist, a journeyman GrFE of Gozag (Orc:2)
  A death knight (Vaults:2)
  Erica (D:9)
  7 merfolk avatars
  6 two-headed ogres
  3 satyrs (Shoals:3)
  8 merfolk aquamancers
  4 tengu warriors
  24 death yaks
  A vampire mage (Vaults:2)
  Urug (D:13)
  Nergalle (Orc:2)
  4 hell knights (Vaults:2)
  2 thrashing horrors (Abyss:3)
  6 fire crabs (Lair:3)
  13 sea snakes
  5 deep trolls
  A large abomination (Abyss:3)
  A spatial maelstrom (Abyss:3)
  A sea snake (shapeshifter) (D:14)
  3 wizards
  A lindwurm (Vaults:1)
  12 harpies
  10 ironbound convokers
  4 orc knights (Orc:2)
  4 deep elf pyromancers
  26 wolf spiders
  7 cyclopes
  15 manticores
  18 orb spiders
  8 ugly things
  22 fauns
  10 orc sorcerers
  13 elephants
  Joseph (D:9)
  3 moths of wrath
  3 black mambas
  12 water nymphs
  9 merfolk sirens
  4 vault sentinels
  An apocalypse crab (Lair:3)
  8 cane toads
  4 torpor snails
  2 gargoyles
  A smoke demon (Abyss:3)
  A kobold demonologist (D:13)
  2 unseen horrors
  8 komodo dragons
  A freezing wraith (D:11)
  22 demonic crawlers
  3 rime drakes
  14 yaktaurs
  2 tengu conjurers
  An ancient zyme (Abyss:3)
  3 meliai (D:13)
  2 polar bears (Lair:4)
  22 merfolk
  49 jumping spiders
  9 trolls
  14 wind drakes
  10 hornets
  16 slime creatures
  Prince Ribbit (D:9)
  7 dream sheep (Lair:4)
  4 blink frogs (Lair:6)
  2 snapping turtles
  20 tarantellas
  Sigmund (D:3)
  4 air elementals (Shoals:4)
  83 redbacks
  28 water elementals
  A spriggan (shapeshifter) (D:15)
  2 wraiths
  A ynoxinul (Abyss:3)
  3 wyverns
  4 shadows
  15 humans (D:13)
  2 basilisks
  42 yaks
  3 hogs (Spider:1)
  A steam dragon (D:8)
  13 vampire mosquitoes
  7 wargs
  2 spatial vortices (Abyss:3)
  7 water moccasins
  3 small abominations (Abyss:3)
  3 ice beasts
  17 orc warriors
  A sky beast (D:5)
  2 black bears
  4 boggarts (Vaults:1)
  4 ogres
  A hornet zombie (D:5)
  6 centaurs
  An ogre (shapeshifter) (D:14)
  A phantom (D:5)
  15 wolves
  3 kobold brigands
  Blork the orc (D:5)
  21 bullfrogs
  6 water moccasin zombies (Ossuary)
  A water moccasin skeleton (D:5)
  A hornet simulacrum (D:15)
  A wyvern skeleton (D:7)
  2 howler monkeys (D:8)
  3 electric eels
  4 centaur zombies
  2 centaur skeletons
  A jelly (D:6)
  A gnoll shaman (D:6)
  A hound (D:5)
  11 orc priests
  41 orc wizards
  4 iguanas
  A killer bee zombie (D:6)
  A hound skeleton (D:2)
  2 mummies (Ossuary)
  2 howler monkey zombies (D:9)
  7 adders
  4 gnolls (D:6)
  A shadow imp (D:7)
  3 white imps
  2 ufetubi (D:4)
  2 adder skeletons (D:4)
  4 dart slugs
  75 orcs
  8 endoplasms
  3 giant cockroaches
  3 goblins
  12 hobgoblins
  4 jackals
  4 quokkas
  6 ball pythons
  2 bats
  4 frilled lizards
  5 gnoll zombies (Ossuary)
  3 hobgoblin zombies (Ossuary)
  17 kobolds
  8 kobold zombies (Ossuary)
  6 orc zombies (Ossuary)
  6 rats
  A starspawn tentacle (Abyss:3)
1188 creatures vanquished.

Vanquished Creatures (collateral kills)
  A curse skull (Vaults:2)
  A very ugly thing (Vaults:2)
  A deep troll (Vaults:2)
  A vault sentinel (Vaults:2)
  2 slime creatures (Vaults:2)
6 creatures vanquished.

Vanquished Creatures (others)
  A merfolk impaler (Shoals:4)
  A merfolk aquamancer (Shoals:4)
  An orb spider (Spider:3)
  A faun (Shoals:1)
  A jumping spider (Spider:1)
  A snapping turtle (Shoals:4)
  A redback (Spider:1)
  A boggart (Vaults:1)
  An orc (Orc:2)
  8 fungi
  131 plants
  4 starspawn tentacles (Abyss:3)
152 creatures vanquished.

Grand Total: 1346 creatures vanquished

Notes
Turn   | Place    | Note
-------+----------+-------------------------------------------
     0 | D:1      | killozap the Minotaur Fighter began the quest for the Orb.
     0 | D:1      | Reached XP level 1. HP: 19/19 MP: 0/0
   174 | D:1      | Reached XP level 2. HP: 23/27 MP: 1/1
   913 | D:2      | Reached XP level 3. HP: 32/33 MP: 2/2
  1350 | D:2      | Found Muut's Antique Weapon Boutique.
  1613 | D:3      | Reached XP level 4. HP: 38/41 MP: 3/3
  2130 | D:3      | Noticed Sigmund
  2314 | D:4      | Reached XP level 5. HP: 38/47 MP: 4/4
  2358 | D:4      | Identified the +11 mace of Rastrir {flame, rC++}
  2476 | D:3      | Killed Sigmund
  2477 | D:3      | Reached skill level 5 in Fighting
  2477 | D:3      | Reached skill level 5 in Armour
  2477 | D:3      | Reached XP level 6. HP: 45/56 MP: 5/5
  2782 | D:4      | Found a shadowy altar of Dithmenos.
  2937 | D:4      | Found a basalt altar of Yredelemnul.
  2949 | D:4      | Found a shimmering altar of Xom.
  3222 | D:4      | Reached XP level 7. HP: 39/64 MP: 6/6
  3399 | D:5      | Entered Level 5 of the Dungeon
  3411 | D:5      | Noticed Blork the orc
  3418 | D:5      | Killed Blork the orc
  3813 | D:5      | Found a sand-covered staircase.
  3817 | Ossuary  | Entered an ossuary
  3875 | Ossuary  | Reached skill level 5 in Maces & Flails
  3939 | Ossuary  | Reached XP level 8. HP: 71/73 MP: 7/7
  4052 | D:5      | Noticed a troll
  4058 | D:5      | Killed a troll
  4462 | D:5      | Found a sparkling altar of Nemelex Xobeh.
  4782 | D:6      | Noticed a gargoyle
  4796 | D:6      | Killed a gargoyle
  4797 | D:6      | Reached XP level 9. HP: 46/83 MP: 8/8
  5031 | D:6      | Found a bloodstained altar of Trog.
  5125 | D:6      | Reached skill level 1 in Dodging
  5221 | D:6      | Found an opulent altar of Gozag.
  5974 | D:7      | Found a broken altar of Ashenzari.
  6076 | D:7      | Found a staircase to the Ecumenical Temple.
  6083 | Temple   | Entered the Ecumenical Temple
  6089 | Temple   | Became a worshipper of Cheibriados the Contemplative
  7059 | D:8      | Reached * piety under Cheibriados
  7159 | D:8      | Found a burning altar of Makhleb.
  7219 | D:8      | Reached skill level 10 in Fighting
  7219 | D:8      | Reached skill level 10 in Armour
  7722 | D:8      | Reached XP level 10. HP: 93/93 MP: 9/9
  7830 | D:9      | Noticed Joseph
  7848 | D:9      | Killed Joseph
  7848 | D:9      | Reached ** piety under Cheibriados
  7849 | D:9      | Reached skill level 1 in Evocations
  8309 | D:9      | Noticed Erica
  8333 | D:9      | Killed Erica
  8347 | D:9      | Noticed Prince Ribbit
  8350 | D:9      | Killed Prince Ribbit
  8479 | D:9      | Found a staircase to the Lair.
  8789 | D:9      | Found a shimmering blue altar of Sif Muna.
  8907 | D:10     | Entered Level 10 of the Dungeon
  9234 | D:10     | Identified the +0 plate armour "Waonwieh" {+Blink rCorr
                  | Str-2 Slay+5}
  9239 | D:10     | Reached *** piety under Cheibriados
  9243 | D:10     | Reached skill level 10 in Maces & Flails
  9466 | D:10     | Found an ornate altar of the Wu Jian Council.
  9770 | D:11     | Noticed a manticore
  9786 | D:11     | Killed a manticore
  9787 | D:11     | Reached skill level 1 in Invocations
 10048 | D:11     | Noticed a manticore
 10052 | D:11     | Killed a manticore
 10053 | D:11     | Reached skill level 5 in Shields
 10098 | D:11     | Noticed a deep elf pyromancer
 10109 | D:11     | Killed a deep elf pyromancer
 10110 | D:11     | Reached XP level 11. HP: 102/102 MP: 11/11
 10184 | D:11     | Noticed a purple ugly thing
 10190 | D:11     | Killed a purple ugly thing
 10267 | D:11     | Noticed a two-headed ogre
 10273 | D:11     | Killed a two-headed ogre
 10912 | Lair:1   | Entered Level 1 of the Lair of Beasts
 12138 | Lair:1   | Reached **** piety under Cheibriados
 13082 | Lair:3   | Found a shimmering blue altar of Sif Muna.
 13105 | Lair:3   | Found a runed translucent door.
 13107 | Lair:3   | Noticed a fire crab
 13114 | Lair:3   | Killed a fire crab
 13115 | Lair:3   | Reached skill level 5 in Invocations
 13227 | Lair:3   | Noticed a death yak
 13233 | Lair:3   | Noticed a death yak
 13233 | Lair:3   | Noticed a death yak
 13233 | Lair:3   | Noticed a death yak
 13242 | Lair:3   | Noticed a death yak
 13418 | Lair:3   | Noticed a seven-headed hydra
 13427 | Lair:3   | Killed a seven-headed hydra
 13428 | Lair:3   | Reached XP level 12. HP: 70/113 MP: 7/15
 13612 | Lair:3   | Killed a death yak
 13670 | Lair:3   | Killed a death yak
 13673 | Lair:3   | Killed a death yak
 13677 | Lair:3   | Killed a death yak
 13889 | Lair:3   | Killed a death yak
 14376 | Lair:3   | Noticed an entropy weaver
 14384 | Lair:3   | Killed an entropy weaver
 14673 | Lair:3   | Noticed an entropy weaver
 14683 | Lair:3   | Killed an entropy weaver
 14910 | Lair:3   | Noticed an entropy weaver
 14918 | Lair:3   | Killed an entropy weaver
 14919 | Lair:3   | Reached skill level 10 in Shields
 15010 | Lair:3   | Noticed a ghost crab
 15017 | Lair:3   | Killed a ghost crab
 15038 | Lair:3   | Noticed a ghost crab
 15043 | Lair:3   | Killed a ghost crab
 15173 | Lair:3   | Noticed a ghost crab
 15178 | Lair:3   | Killed a ghost crab
 15180 | Lair:3   | Noticed a ghost crab
 15185 | Lair:3   | Killed a ghost crab
 15227 | Lair:3   | Noticed an entropy weaver
 15233 | Lair:3   | Killed an entropy weaver
 15249 | Lair:3   | Reached XP level 13. HP: 85/125 MP: 17/17
 15387 | Lair:3   | Got the Volume of Damage Dealing
 15999 | Lair:4   | Found a hole to the Spider Nest.
 16636 | Lair:4   | Found a staircase to the Shoals.
 17094 | Lair:5   | Reached skill level 15 in Fighting
 17559 | Lair:5   | Reached skill level 1 in Throwing
 17899 | Lair:6   | Entered Level 6 of the Lair of Beasts
 18145 | Lair:6   | Found a runed translucent door.
 18146 | Lair:6   | Found a viscous altar of Jiyva.
 18149 | Lair:6   | Found a staircase to the Slime Pits.
 18149 | Lair:6   | Noticed an azure jelly
 18391 | Lair:6   | Reached skill level 15 in Maces & Flails
 18391 | Lair:6   | Reached XP level 14. HP: 111/136 MP: 18/18
 18567 | Lair:6   | Reached ***** piety under Cheibriados
 18900 | Lair:6   | Identified the +1 robe of Disguise {rPois}
 18952 | Lair:6   | Identified the +10 rapier "Tormentor" {drain, Str+6 Stlth+}
 19920 | D:12     | Identified 2 scrolls of acquirement
 19922 | D:12     | Acquired the +1 crystal plate armour of the Sun {Dex+5}
 19934 | D:12     | Acquired a manual of Armour
 19968 | D:12     | Found a staircase to the Orcish Mines.
 20709 | D:12     | Noticed a storm dragon
 20719 | D:12     | Killed a storm dragon
 20939 | D:12     | Reached skill level 5 in Throwing
 21204 | Orc:1    | Entered Level 1 of the Orcish Mines
 21204 | Orc:1    | Noticed Gastronok
 21209 | Orc:1    | Noticed Erolcha
 21216 | Orc:1    | Killed Gastronok
 21217 | Orc:1    | Killed Erolcha
 21453 | Orc:1    | Noticed an orc warlord
 21464 | Orc:1    | Killed an orc warlord
 21701 | Orc:2    | Entered Level 2 of the Orcish Mines
 21701 | Orc:2    | Found a gate leading to a gauntlet.
 21723 | Gauntlet | Entered a Gauntlet
 21723 | Gauntlet | Found a transporter.
 21723 | Gauntlet | Found a transporter.
 21723 | Gauntlet | Found a transporter.
 21733 | Gauntlet | Found a transporter.
 21739 | Gauntlet | Found a transporter.
 21745 | Gauntlet | Found a transporter.
 21747 | Gauntlet | Found a transporter.
 21760 | Gauntlet | Found a transporter.
 21778 | Gauntlet | Found a transporter.
 21801 | Gauntlet | Found a transporter.
 21816 | Gauntlet | Found a transporter.
 21875 | Gauntlet | Found a transporter.
 22026 | Gauntlet | Reached ****** piety under Cheibriados
 22085 | Gauntlet | Identified the +2 hat "Fejaejyx" {+Blink Str+4}
 22106 | Gauntlet | Reached XP level 15. HP: 146/146 MP: 20/20
 22236 | Gauntlet | Identified the +2 hunting sling of Wuveff {freeze, rElec
                  | Str-4 Dex+5 SInv}
 22236 | Gauntlet | Identified the ring of Juthou Aniy {rPois Dex+6 Stlth+}
 22405 | Orc:2    | Found a staircase to the Elven Halls.
 22646 | Orc:2    | Reached XP level 16. HP: 145/155 MP: 21/21
 22782 | Orc:2    | Noticed mainiacjoe's ghost (journeyman GrFE)
 22796 | Orc:2    | Found a transporter.
 22805 | Orc:2    | Found a transporter.
 22813 | Orc:2    | Found a bloodstained altar of Trog.
 22925 | Orc:2    | Paralysed by an orc sorcerer for 5 turns
 22957 | Orc:2    | Found Uchuinalal's Jewellery Shoppe.
 23011 | Orc:2    | Found Gaechafu's Distillery.
 23030 | Orc:2    | Found a radiant altar of Vehumet.
 23097 | Orc:2    | Found an ancient bone altar of Kikubaaqudgha.
 23098 | Orc:2    | Noticed Nergalle
 23108 | Orc:2    | Killed Nergalle
 23132 | Orc:2    | Found Kumeocs's Antique Weapon Shoppe.
 23132 | Orc:2    | Found Bumeq's Antique Armour Emporium.
 23164 | Orc:2    | Bought a pair of runed boots for 157 gold pieces
 23543 | Orc:2    | Killed mainiacjoe's ghost
 23675 | Orc:2    | Bought the ring of Incredulity {MP+9 AC+4 Slay+3} for 745
                  | gold pieces
 23847 | Orc:2    | Bought a potion of heal wounds for 90 gold pieces
 23847 | Orc:2    | Bought a potion of heal wounds for 90 gold pieces
 23847 | Orc:2    | Bought a potion of cancellation for 144 gold pieces
 24164 | D:2      | Bought an iridescent eveningstar for 420 gold pieces
 24164 | D:2      | Identified the +1 eveningstar of Yesterday {flame, rElec
                  | rN+++ Str-5 Dex-3} (You bought it in a shop on level 2 of
                  | the Dungeon)
 24757 | D:13     | Found a blossoming altar of Fedhas.
 25108 | D:13     | Noticed Urug
 25109 | D:13     | Reached skill level 15 in Shields
 25119 | D:13     | Killed Urug
 25126 | D:13     | Noticed Nessos
 25138 | D:13     | Killed Nessos
 25302 | D:13     | Found a gate to the Vaults.
 25541 | D:14     | Reached skill level 15 in Armour
 26024 | D:14     | You fall into a shaft and drop 1 floor!
 26024 | D:15     | Entered Level 15 of the Dungeon
 26242 | D:14     | Found Hinuv's Gadget Gallery.
 27316 | D:15     | Found a staircase to the Depths.
 27681 | Shoals:1 | Entered Level 1 of the Shoals
 27706 | Shoals:1 | Noticed Nikola
 28094 | Lair:4   | Killed Nikola
 28957 | Shoals:1 | Reached XP level 17. HP: 136/166 MP: 20/22
 29369 | Shoals:2 | Found Buptod Tenu's Weapon Boutique.
 29770 | Shoals:2 | Found Oxkungiq's Distillery.
 29778 | Shoals:2 | Bought a potion of heal wounds for 55 gold pieces
 29778 | Shoals:2 | Bought a potion of resistance for 110 gold pieces
 29851 | Shoals:2 | Found Riletiob's General Store.
 30849 | Shoals:3 | Found a transporter.
 30858 | Shoals:3 | Found a transporter.
 30971 | Shoals:3 | Found a transporter.
 30975 | Shoals:3 | Found a transporter.
 30985 | Shoals:3 | Found a transporter.
 30986 | Shoals:3 | Found a transporter.
 31394 | Shoals:4 | Entered Level 4 of the Shoals
 31466 | Shoals:4 | Identified the +4 falchion of Yeast {holy, rElec rF- Dex+7}
 31539 | Shoals:4 | Paralysed by an air elemental for 1 turns
 31695 | Shoals:4 | Reached skill level 10 in Invocations
 31695 | Shoals:4 | Paralysed by an air elemental for 1 turns
 31717 | Shoals:4 | Identified the +10 long sword of the Evening {speed, rC-
                  | Str+8 Dex+2 Stlth-}
 32253 | Shoals:4 | Paralysed by an air elemental for 1 turns
 32253 | Shoals:4 | Noticed Polyphemus
 32273 | Shoals:4 | Killed Polyphemus
 32666 | Shoals:4 | Reached XP level 18. HP: 176/176 MP: 24/24
 32755 | Shoals:4 | Paralysed by an air elemental for 1 turns
 33174 | Shoals:4 | Got a barnacled rune of Zot
 33626 | Orc:2    | Bought a ring of resist corrosion for 200 gold pieces
 33906 | Lair:4   | Upgraded the game from 0.28-a0-883-gc8d7bad45d to
                  | 0.28-a0-895-g6e5f11bd55
 33912 | Spider:1 | Entered Level 1 of the Spider Nest
 33912 | Spider:1 | Noticed Aizul
 33920 | Lair:4   | Killed Aizul
 34366 | Spider:1 | Noticed Kirke
 34380 | Spider:1 | Killed Kirke
 34436 | Spider:1 | Noticed Agnes
 34443 | Spider:1 | Killed Agnes
 34824 | Spider:2 | You fall into a shaft and drop 1 floor!
 35116 | Spider:2 | Identified the +5 rapier of Guerunke {vorpal, rC- rN+++
                  | MP+9 Int-4}
 35612 | Spider:3 | Found a runed translucent gate.
 35612 | Spider:3 | Found a runed translucent gate.
 35612 | Spider:3 | Found a runed translucent gate.
 36084 | Spider:3 | Noticed demibob's ghost (adept DsGl)
 36387 | Spider:3 | Killed demibob's ghost
 36415 | Spider:3 | Identified the +0 cloak of the Heavens {rF+ Int+3}
 36447 | Spider:4 | Entered Level 4 of the Spider Nest
 36494 | Spider:4 | Noticed Bai Suzhen
 36510 | Spider:4 | Killed Bai Suzhen
 37245 | Spider:4 | Reached XP level 19. HP: 170/187 MP: 25/27
 37727 | Spider:4 | Got a gossamer rune of Zot
 38390 | Vaults:1 | Entered Level 1 of the Vaults
 38764 | Vaults:1 | You fall into a shaft and drop 1 floor!
 38855 | Vaults:2 | Found a flickering gateway to a bazaar.
 38864 | Bazaar   | Entered a bazaar
 38868 | Bazaar   | Found Roveso's General Store.
 38890 | Bazaar   | Found Feovaor's Antique Armour Emporium.
 38911 | Bazaar   | Found Ysumadd's Book Boutique.
 38931 | Bazaar   | Found Oxiph's Distillery.
 38973 | Bazaar   | Bought a manual of Throwing for 1280 gold pieces
 38988 | Bazaar   | Bought a potion of mutation for 88 gold pieces
 38988 | Bazaar   | Bought 2 potions of heal wounds for 110 gold pieces
 39057 | Vaults:2 | Cast into level 3 of the Abyss (a wizard)
 39174 | Abyss:3  | Found a radiant altar of Vehumet.
 39187 | Vaults:2 | Escaped the Abyss
 40015 | Vaults:1 | Paralysed by a great orb of eyes for 4 turns
 40310 | Vaults:1 | You fall into a shaft and drop 1 floor!
 40701 | Vaults:2 | Found a staircase to the Crypt.
 41000 | Vaults:2 | Noticed Margery
 41011 | Vaults:2 | Killed Margery
 41015 | Vaults:2 | Reached skill level 10 in Throwing
 41665 | Vaults:1 | Found Romnaad's Weapon Shoppe.
 42086 | Vaults:2 | Slain by a dire elephant

Illustrated notes

Levels and vault maps discovered:
D:1:      evilmike_arrival_hilbert_curve, layout_basic, chequers_mini_garden
D:2:      layout_loops_corners, serial_shops, nicolae_square_shop
D:3:      layout_basic, serial_bayou, serial_bayou_pond_c, serial_bayou_ford_a,
          serial_bayou_shore_b, serial_bayou_pond_e,
          hangedman_decor_clover_reticule, uniq_sigmund
D:4:      layout_rooms, nicolae_dithmenos_the_darkroom,
          mainiacjoe_overflow_big_doors, kennysheep_generic_room_12
D:5:      layout_basic, nemelex_xobeh_ov_fountains_minmay,
          nicolae_ossuary_entry_plus, amcnicky_mini_corridor_feature,
          uniq_blork_the_orc
D:6:      layout_basic, bloody_trog, grunt_gozag_breadcrumbs
D:7:      layout_basic, mainiacjoe_overflow_small_starburst, temple_green
D:8:      layout_gridville, mainiacjoe_overflow_surrounded_room, special_room
          [special_room_orc]
D:9:      layout_long_grid, led_sif_pool, lair_entry_dummy, nrook_uturn,
          minivault_4, billiards_dpeg, uniq_prince_ribbit1, uniq_joseph,
          uniq_erica
D:10:     layout_cave_pools, nicolae_wu_jian_glorious_leap
D:11:     layout_roguey, minmay_bent
D:12:     layout_small_grid, david_orc_1_choice, evilmike_minifort
D:13:     layout_irregular_city, david_vaults_3, grunt_ministairs_6,
          fedhas_altar_2
D:14:     layout_loops_ring, chequers_jeans, corexii_corridor_pit,
          nicolae_shop_gadgets
D:15:     grunt_enter_depths_snipers, layout_basic,
          chequers_serial_rivers_micro_a
Temple:   nicolae_temple_no_exploring_needed
Lair:1:   layout_cave_pods, serial_bayou_shore_b, infiniplex_staircase_pool
Lair:2:   layout_regular_city
Lair:3:   gammafunk_mikee_crab_dinner, layout_chaotic_city, basic_altar,
          nicolae_lair_grazing_beasts [nicolae_sub_lair_graze_edge,
          nicolae_sub_lair_graze_edge, nicolae_sub_lair_graze_edge,
          nicolae_sub_lair_graze_edge]
Lair:4:   layout_layer_cave, elwin_shoals_entry_rooms, dummy_spider_entry,
          beast_lair_carwin_1, serial_bayou_shore_a, uniq_nessos
Lair:5:   layout_small_grid, st_stairs_5
Lair:6:   evilmike_catoblepas_cave, layout_hall_layers, slime_altar_2,
          grunt_megastairs_4
Shoals:1: layout_shoals, uniq_nikola
Shoals:2: layout_shoals, serial_shops, nicolae_shop_crystal,
          nicolae_shop_competitors_out_of_business, nicolae_diamond_shop
Shoals:3: layout_shoals, serial_nicolae_subway, nicolae_sub_station_stone,
          nicolae_sub_station_crystal, nicolae_sub_station_metal
Shoals:4: shoals_end_hellmonk_storm_palace [storm_palace_center_circular,
          storm_palace_corner_reverse_hut, storm_palace_corner_reverse_hut,
          storm_palace_corner_pillars, storm_palace_corner_narrow],
          uniq_polyphemus
Spider:1: layout_spider_delve, nicolae_spider_jagged_tunnels, uniq_kirke,
          uniq_aizul, uniq_agnes
Spider:2: nicolae_spider_mines_1
Spider:3: layout_spider_delve, gammafunk_ghost_tricky_traps, worms_lemuel
Spider:4: spider_rune_water, uniq_bai_suzhen
Orc:1:    layout_caves, uniq_gastronok, uniq_erolcha
Orc:2:    kennysheep_orc_mage_school, layout_diamond_mine,
          gauntlet_entry_generic, gammafunk_ghost_wrathful_warriors,
          special_room, nicolae_volcano_entry_s_turn
Vaults:1: v_rooms_2, nicolae_vaults_know_your_exits,
          nicolae_vaults_diagonal_hallway_9, vaults_room_grid,
          vaults_room_stairs_pillars, vaults_room_pools,
          grunt_vaults_hallway_short, vaults_mumra_minichess,
          layout_vaults_omnigrid, serial_shops, nicolae_shop_stone
Vaults:2: kb_rosetta, minmay_crypt_entry_simple_round, hangedman_vaults_nodes,
          vaults_mumra_chevron, nicolae_vaults_ring_of_whatevers,
          v_alt_pattern_4, vaults_standard_mumra_lines, v_misc_22,
          vaults_dpeg_ring, layout_vaults_chaotic_city, serial_shops,
          bzr_entry_lakeside, uniq_margery

Skill      XL: |  1  2  3  4  5  6  7  8  9 10 11 12 13 14 15 16 17 18 19 |
---------------+----------------------------------------------------------+-----
Shields        | 4 5 8 10 12 14 16 17 18 19 | 19.4
Armour         | 4 5 6 7 9 10 11 12 13 16 18 | 18.5
Fighting       | 4 5 6 7 9 10 11 12 14 15 16 17 18 19 20 21 | 21.4
Long Blades    | 3 4 |  4.1
Maces & Flails | 2 3 5 7 8 10 12 13 15 16 17 19 20 21 | 21.0
Dodging        | 4 |  4.0
Evocations     | 3 |  3.2
Invocations    | 2 5 7 9 10 12 13 | 13.2
Throwing       | 3 5 6 7 10 | 10.0

Action                   |  1- 3 |  4- 6 |  7- 9 | 10-12 | 13-15 | 16-18 | 19-21 || total
-------------------------+-------+-------+-------+-------+-------+-------+-------++-------
Melee: Long sword        |    78 |    34 |       |       |       |       |       ||   112
       Headbutt          |     8 |    11 |    30 |    70 |   164 |   387 |   168 ||   838
       Mace              |       |    45 |   196 |   238 |   450 |  1080 |   377 ||  2386
       Eveningstar       |       |       |       |       |       |    24 |       ||    24
 Fire: Fustibalus        |       |       |     5 |       |       |       |       ||     5
Throw: Boomerang         |       |       |       |       |     9 |       |       ||     9
       Javelin           |       |       |       |       |     6 |    37 |     2 ||    45
Invok: Bend Time         |       |       |       |    14 |    14 |    30 |    19 ||    77
       Slouch            |       |       |       |     1 |     3 |    22 |    10 ||    36
       Temporal Distorti |       |       |       |       |     1 |    11 |     3 ||    15
       Step From Time    |       |       |       |       |       |       |     1 ||     1
 Abil: Evoke Blink       |       |       |       |     5 |       |       |       ||     5
Evoke: Wand              |       |       |       |     7 |     5 |     3 |     2 ||    17
       Condenser vane    |       |       |       |       |     1 |     1 |       ||     2
  Use: Scroll            |       |     4 |    10 |    10 |     8 |     1 |     6 ||    39
       Potion            |       |       |     1 |       |     3 |     5 |     3 ||    12
 Stab: Distracted        |       |       |       |       |       |     2 |       ||     2
Armor: Scale mail        |    24 |    34 |    84 |     2 |       |       |       ||   144
       Plate armour      |       |       |       |   113 |    81 |       |       ||   194
       Crystal plate arm |       |       |       |       |    78 |   716 |   188 ||   982
Dodge: Dodged            |    53 |    35 |    65 |    95 |   109 |   407 |   101 ||   865
Block: Buckler           |    24 |    16 |    57 |    14 |       |       |       ||   111
       Kite shield       |       |       |       |   131 |   390 |    61 |       ||   582
       Reflection        |       |       |       |       |    13 |   152 |    21 ||   186
       Tower shield      |       |       |       |       |       |  1861 |   558 ||  2419

Table legend: (Time is in decaauts)
 A = Elapsed time spent in this place.
 B = Non-inter-level travel time spent in this place.
 C = Inter-level travel time spent in this place.
 D = Time resting spent in this place.
 E = Time spent auto-exploring this place.
 F = Levels seen in this place.
 G = Mean time per level.
                   A        B        C        D        E       F      G
               +--------+--------+--------+--------+--------+-----+--------+
         Total |  59126 |  53058 |   6068 |   9093 |  32205 |  38 | 1555.9 |
       Dungeon |  21355 |  18695 |   2660 |   2296 |  13456 |  15 | 1423.7 |
        Temple |     14 |     14 |      0 |      0 |      0 |   1 |   14.0 |
          Lair |  13936 |  12408 |   1528 |   2932 |   7883 |   6 | 2322.7 |
        Shoals |   7296 |   6824 |    472 |   1750 |   2694 |   4 | 1824.0 |
   Spider Nest |   6433 |   6228 |    205 |    611 |   3950 |   4 | 1608.2 |
  Orcish Mines |   3776 |   2647 |   1129 |      0 |   1790 |   2 | 1888.0 |
        Vaults |   4641 |   4569 |     72 |   1449 |   2022 |   2 | 2320.5 |
         Abyss |    207 |    207 |      0 |      0 |     59 |   1 |  207.0 |
        Bazaar |    288 |    288 |      0 |      0 |    137 |   1 |  288.0 |
       Ossuary |    223 |    223 |      0 |      0 |     77 |   1 |  223.0 |
      Gauntlet |    953 |    953 |      0 |     54 |    136 |   1 |  953.0 |
               +--------+--------+--------+--------+--------+-----+--------+

Top non-repeatable levels by time:
  Lair:4: 3584 daAuts
  Lair:3: 3209 daAuts
Vaults:1: 2793 daAuts
   Orc:2: 2775 daAuts
Spider:4: 2612 daAuts
    D:12: 2537 daAuts
  Lair:6: 2463 daAuts
Shoals:4: 2378 daAuts
  Lair:1: 1889 daAuts
     D:9: 1854 daAuts
Vaults:2: 1848 daAuts
Spider:3: 1842 daAuts
Shoals:3: 1795 daAuts
    D:13: 1745 daAuts
    D:15: 1690 daAuts
